 Dungeon Crawl Stone Soup version 0.19-a0-1553-g64c24c3 (webtiles) character file.

521 GameOver the Conjurer (level 7, -13/55 HPs)
             Began as a Naga Wizard on Sept 14, 2016.
             Mangled by an ice beast (14 damage)
             ... on level 4 of the Dungeon.
             The game lasted 00:25:26 (3789 turns).

GameOver the Conjurer (Naga Wizard)                 Turns: 3789, Time: 00:25:26

Health: -13/55     AC:  4    Str:  9    XL:     7   Next: 21%
Magic:  12/12      EV:  9    Int: 21    God:
Gold:   126        SH:  0    Dex:  9    Spells: 4 memorised, 5 levels left

rFire  . . .     SeeInvis +     s - +1 rapier
rCold  . . .     Gourm    .     u - +0 leather armour
rNeg   . . .     Faith    .     (no shield)
rPois  +         Spirit   .     b - +1 hat
rElec  .         Dismiss  .     (no cloak)
rCorr  .         Reflect  .     (no gloves)
MR     .....     Harm     .     (no barding)
Stlth  ++........               (no amulet)
                                (no ring)
                                n - ring of flight

@: repel missiles, very slow
A: see invisible, deformed body, poison resistance, slowness 2, slow metabolism
1, spit poison 1, AC +2
a: Spit Poison, Evoke Flight


You were on level 4 of the Dungeon.
You were hungry.

You visited 1 branch of the dungeon, and saw 4 of its levels.

You collected 181 gold pieces.
You spent 55 gold pieces at shops.

Inventory:

Hand Weapons
 k - a +0 dagger
 s - a +1 rapier (weapon)
 t - a +0 dire flail
Armour
 b - a +1 hat (worn)
 u - a +0 leather armour (worn)
Jewellery
 i - an uncursed ring of fire
 n - a ring of flight (left hand)
Wands
 o - a wand of disintegration (15/24)
Scrolls
 e - 2 scrolls of teleportation
 j - 4 scrolls of remove curse
 l - a scroll of enchant armour
 q - 3 scrolls of fear
 w - a scroll of fog {unknown}
 y - 2 scrolls of magic mapping
Potions
 f - a potion of might {unknown}
 g - a potion of brilliance
 m - a potion of magic
 p - 2 potions of curing {unknown}
 r - 2 potions of heal wounds {unknown}
 x - a potion of berserk rage
Books
 c - a book of Minor Magic

   Spells                             Type                      Level
   a - Magic Dart                     Conjuration                  1
   b - Blink                          Translocation                2
   c - Call Imp                       Summoning                    2
   d - Repel Missiles                 Charms/Air                   2
   e - Slow                           Hexes                        2
   f - Conjure Flame                  Conjuration/Fire             3
   g - Mephitic Cloud                 Conjuration/Poison/Air       3
Comestibles
 d - 2 bread rations
 v - 2 meat rations


   Skills:
 - Level 1.5 Dodging
 - Level 3.0 Stealth
 + Level 3.8 Spellcasting
 + Level 4.8 Conjurations
   Level 1.0 Summonings
 - Level 1.0 Translocations
 + Level 3.1 Air Magic
 + Level 4.2 Poison Magic


You had 5 spell levels left.
You knew the following spells:

 Your Spells              Type           Power        Failure   Level  Hunger
a - Magic Dart            Conj           ###.         2%          1    None
b - Blink                 Tloc           N/A          21%         2    #......
d - Mephitic Cloud        Conj/Pois/Air  ###.....     12%         3    ###....
z - Repel Missiles        Chrm/Air       ##....       14%         2    #......


Dungeon Overview and Level Annotations

Branches:
Dungeon (4/15)
 Temple: D:4-7

Altars:
Cheibriados
Kikubaaqudgha
Ru
Yredelemnul

Shops:
D:4 *

Annotations:
D:3 Dominolapin's ghost, amateur DsMo


Innate Abilities, Weirdness & Mutations

You cannot wear boots.
Your serpentine skin is tough. (AC +2)
You have supernaturally acute eyesight. (SInv)
Armour fits poorly on your strangely shaped body.
Your system is resistant to poisons. (rPois)
You cover ground very slowly.
You have a slow metabolism.
You can spit poison.


Message History

Press: ? - help, Shift-Dir - straight line, f/p - ice beast
Aim: an ice beast (heavily wounded)
The magic dart hits the ice beast.
The ice beast is heavily wounded.
The ice beast hits you. The ice beast freezes you!
Casting: Magic Dart
Confirm with . or Enter, or press ? or * to list all spells.
Aiming: Magic Dart
Press: ? - help, Shift-Dir - straight line, f/p - ice beast
Aim: an ice beast (heavily wounded)
The magic dart hits the ice beast.
The ice beast is heavily wounded.
The ice beast hits you. The ice beast freezes you!
* * * LOW HITPOINT WARNING * * *
Okay, then.
It was a potion of magic.
Magic courses through your body. The ice beast hits you.
* * * LOW HITPOINT WARNING * * *
The ice beast freezes you!
You die...

###..####...#
#..#######..........##
#...........########
#..#####....# ########
##...## .......#
#....#### .......#
##.......## .......#
#.Y.......## ......##
#.@######..# #....##
#.## ##.# #..### ##.#
#.# #∩## ########..#
#.# #.# ##.........##
#.# #.# #...........##
#.## #.#
#..#####.....### #..##
#.####.## ##.......#
##..## ##.#...#
##..####..## ##..####


You could see an ice beast.

Vanquished Creatures
  A crimson imp (D:4)
  A hound (D:4)
  A giant frog skeleton (D:4)
  A jelly (D:3)
  An iron imp (D:4)
  Natasha (thrice) (D:2)
  3 worker ants (D:4)
  8 gnolls
  4 adders
  An ooze (D:1)
  An adder skeleton (D:4)
  2 worms (D:2)
  3 dart slugs
  4 orcs
  3 ball pythons
  14 bats
  7 giant cockroaches
  2 gnoll zombies (D:2)
  9 goblins
  10 hobgoblins
  6 jackals
  2 quokkas
  7 frilled lizards
  8 kobolds
  9 rats
111 creatures vanquished.

Notes
Turn   | Place    | Note
-------+----------+-------------------------------------------
     0 | D:1      | GameOver the Naga Wizard began the quest for the Orb.
     0 | D:1      | Reached XP level 1. HP: 15/15 MP: 4/4
   208 | D:1      | Reached XP level 2. HP: 22/22 MP: 6/6
   212 | D:1      | Learned a level 2 spell: Repel Missiles
   269 | D:1      | HP: 1/22 [ooze (2)]
   471 | D:1      | Reached XP level 3. HP: 24/28 MP: 3/7
  1154 | D:2      | Learned a level 3 spell: Mephitic Cloud
  1230 | D:2      | Reached XP level 4. HP: 36/36 MP: 8/8
  1410 | D:2      | Learned a level 2 spell: Blink
  1453 | D:2      | Reached skill level 1 in Poison Magic
  1462 | D:2      | Found a basalt altar of Yredelemnul.
  1885 | D:3      | Noticed Dominolapin's ghost (amateur DsMo)
  2030 | D:3      | Noticed Natasha
  2038 | D:2      | Reached skill level 1 in Air Magic
  2044 | D:2      | Reached XP level 5. HP: 10/42 MP: 0/9
  2045 | D:2      | Killed Natasha
  2627 | D:3      | Found an ancient bone altar of Kikubaaqudgha.
  2724 | D:3      | Reached XP level 6. HP: 49/49 MP: 2/10
  2853 | D:2      | Noticed Natasha
  2861 | D:2      | Killed Natasha
  2909 | D:2      | Noticed Natasha
  2914 | D:2      | Killed Natasha
  3131 | D:4      | Found Ywiurako's General Store.
  3137 | D:4      | Bought a scroll of identify for 20 gold pieces
  3137 | D:4      | Bought a scroll of magic mapping for 35 gold pieces
  3165 | D:4      | Reached XP level 7. HP: 39/55 MP: 9/12
  3532 | D:4      | Found a sacrificial altar of Ru.
  3676 | D:4      | Found a snail-covered altar of Cheibriados.
  3789 | D:4      | HP: 1/55 [ice beast (4)]
  3789 | D:4      | Mangled by an ice beast

Vault maps used:
D:1:      co_arrival_random_square_maze, st_stairs_5
D:2:      lemuel_zombie_altar_yredelemnul, first_bread
D:3:      kiku_gazebo_pond_becter, uniq_natasha
D:4:      old_standard_altar, serial_shops, shop, chei_slow_surprise

Skill      XL: |  1  2  3  4  5  6  7 |
---------------+----------------------+-----
Conjurations   | 2 3 4 |  4.8
Poison Magic   | 2 3 4 |  4.2
Air Magic      | 1 2 3 |  3.1
Dodging        | |  1.5
Stealth        | |  3.0
Spellcasting   | |  3.8
Summonings     | |  1.0
Translocations | |  1.0

Action                   |  1- 3 |  4- 6 |  7- 9 || total
-------------------------+-------+-------+-------++-------
Melee: Short sword       |     6 |       |       ||     6
       Rapier            |       |    55 |    29 ||    84
       Dagger            |       |     1 |     1 ||     2
 Cast: Magic Dart        |    34 |    56 |    16 ||   106
       Repel Missiles    |     2 |       |       ||     2
       Mephitic Cloud    |       |    11 |     1 ||    12
 Abil: Spit Poison       |    36 |    57 |     1 ||    94
  Use: Potion            |     2 |       |     2 ||     4
       Scroll            |     2 |     7 |       ||     9
 Stab: Sleeping          |     1 |     1 |     1 ||     3
       Confused          |       |     3 |       ||     3
  Eat: Chunk             |     3 |     9 |     2 ||    14
Armor: Robe              |     8 |     1 |       ||     9
       Leather armour    |       |    46 |     3 ||    49
       Skin              |       |       |     4 ||     4
Dodge: Dodged            |    33 |    67 |    14 ||   114
       Deflected         |     1 |     1 |       ||     2
